 Dungeon Crawl Stone Soup version 0.30-a0-1123-gabc949cf19 (webtiles) character file.

Game seed: 10784281905551216503

1050 Sobieck the Stinger (level 8, -14/79 (100) HPs)
             Began as a Grey Draconian Venom Mage on Apr 22, 2023.
             Was an Initiate of Vehumet.
             Killed from afar by Maggie (22 damage)
             ... with a bolt of fire
             ... on level 6 of the Dungeon.
             The game lasted 00:13:37 (6322 turns).

Sobieck the Stinger (Grey Draconian Venom Mage)     Turns: 6322, Time: 00:13:37

HP:   -14/79 (100)  AC: 28    Str: 16    XL:     8   Next: 5%
MP:   13/15         EV:  2    Int: 18    God:    Vehumet [......]
Gold: 186           SH:  0    Dex: 12    Spells: 9/16 levels left

rFire   . . .        d - +2 dagger (venom) {short}
rCold   . . .        (no shield)
rNeg    . . .        (body armour unavailable)
rPois   +            p - melded +2 hat
rElec   .            (cloak currently unavailable)
rCorr   .            (gloves currently unavailable)
SInv    .            (boots currently unavailable)
Will    .....        (no amulet)
Stlth   +            j - +4 ring of protection
HPRegen 0.33/turn    x - +6 ring of strength
MPRegen 0.14/turn

%: no passive effects
@: confused, tree-form, mesmerised, heavily drained
A: stationary, stasis, torment immunity, boosted hp, AC +11, (amphibious),
unfitting armour, (cold-blooded)
a: Renounce Religion


You were on level 6 of the Dungeon.
You worshipped Vehumet.
Vehumet was noncommittal.
You were a tree.
You visited 2 branches of the dungeon, and saw 7 of its levels.

You collected 186 gold pieces.


Innate Abilities, Weirdness & Mutations

You are a tree.
Your roots penetrate the ground, keeping you stationary.
You cannot be teleported.
You are immune to unholy pain and torment.
Your maximum health is greatly increased.
Your equipment is partially melded.
((Your dull iron-grey scales are very hard. (AC +11)))
((You are amphibious.))
You cannot fit into any form of body armour.
((You are cold-blooded and may be slowed by cold attacks.))


   Skills:
 + Level 4.8 Fighting
 - Level 1.7 Dodging
 - Level 1.7 Stealth
 + Level 4.6 Spellcasting
 - Level 1.0 Transmutations
 * Level 7.3 Poison Magic


You had 9 spell levels left.
You knew the following spells:

 Your Spells              Type           Power      Damage    Failure   Level
a - Sting                 Tmut/Pois      76%        1d6       2%          1
b - Poisonous Vapours     Pois/Air       34%        N/A       4%          2
c - Olgreb's Toxic Radia  Pois           30%        N/A       7%          4

Your spell library contained the following spells:

 Spells                   Type           Power      Damage    Failure   Level
 Shock                    Conj/Air       16%        1d4       14%         1
 Mephitic Cloud           Conj/Pois/Air  12%        N/A       16%         3
 Swiftness                Air            4%         N/A       38%         3
 Vhi's Electric Charge    Tloc/Air       8%         N/A       38%         3
 Airstrike                Air            2%         2d(1-17)  80%         4
 Freezing Cloud           Conj/Ice/Air   2%         6-21      98%         5
 Chain Lightning          Conj/Air       2%         3d2       100%        9

Inventory:

Hand Weapons
 d - a +2 dagger of venom (weapon) {short}
   (You took it off a kobold on level 1 of the Dungeon)
 t - the +2 spear "Jusurgh" {venom, rF+++ Will- rCorr Dex-4, polearm}
   (You found it on level 2 of the Dungeon)

   Dex:       It affects your dexterity (-4).
   rF:        It renders you almost immune to fire.
   rCorr:     It protects you from acid and corrosion.
   Will:      It decreases your willpower.
Missiles
 e - 5 boomerangs {throwing}
 f - 28 stones {throwing}
 s - 2 poisoned darts {throwing}
Armour
 p - a +2 hat (melded)
   (You found it on level 4 of the Dungeon)
Magical Staves
 c - a staff of air {!astaff}
   (You found it on level 4 of the Dungeon)
 u - a staff of cold {!astaff}
   (You found it on level 3 of the Dungeon)
 v - a staff of earth {!astaff}
   (You found it on level 4 of the Dungeon)
 w - a staff of conjuration {!a@e2staff}
   (You found it on level 4 of the Dungeon)
 y - a staff of conjuration {!a@e2staff}
   (You found it on level 6 of the Dungeon)
Jewellery
 j - a +4 ring of protection (left branch)
   (You found it on level 1 of the Dungeon)
 x - a +6 ring of strength (right branch)
   (You found it on level 4 of the Dungeon)
Scrolls
 g - a scroll of teleportation {@r4}
 q - a scroll of silence {!r}
Potions
 h - 3 potions of mutation {!q}
 i - a potion of brilliance
 k - a potion of cancellation {unknown}
 l - a potion of attraction {unknown}
 m - 2 potions of lignification {!q}
 n - a potion of invisibility {unknown}
 o - a potion of haste {unknown}
 r - 2 potions of heal wounds {unknown}

Dungeon Overview and Level Annotations

Branches:
Dungeon (6/15) Zot: 26925  Temple (1/1) D:5 Zot: 5905

Altars:
Cheibriados
Dithmenos
Elyvilon
Fedhas
Hepliaklqana
Kikubaaqudgha
Makhleb
Nemelex Xobeh
Okawaru
Qazlal
Ru
Uskayaw
Vehumet
Wu Jian
The Shining One

Annotations:
D:2 1 runed translucent door, Crazy Yiuf
D:5 2 transporters, BigDaddyOpFi's ghost, amateur AtFi
D:6 Maggie

...[#############
...#.......<...# .
#+#†#...>.......# .#
.#.#............####.
#.#>#.###########...
.#.#.## ..........#
#.#.#.# ..........#
.#.#.##
.......@..#####
#.#.#.# #+#.♣.......
.#.#.#####
#.#.#######.
#.#.#....# #.#.#
.#.#.###.####.#.#
#.#.#.##...#....#
.#.#>#..##.#.####
#.#.#...........#
.#.#.#....#####.#
#.#.#+.....# ..


You could see Maggie (mesmerising, very poisoned).


Message History

You closely miss Maggie.
Maggie hits you with a +2 morningstar of draining.
You feel drained.
You hit Maggie.
Your tail-slap misses Maggie.
Maggie zaps a wand.
You resist with some effort.
You hit Maggie but do no damage.
Maggie looks more healthy.
Maggie hits you with a +2 morningstar of draining!
You feel drained.
Casting: Sting (safe; 2% risk of failure)
Confirm with . or Enter, or press ? or * to list all spells.
You begin to radiate toxic energy.
Maggie hits you but does no damage.
You feel drained.
Casting: Olgreb's Toxic Radiance (dangerous; 7% risk of failure)
Confirm with . or Enter, or press ? or * to list all spells.
Aiming: Sting (safe; 2% risk of failure)
Press: ? - help, Shift-Dir - straight line, f/p - Maggie
Aim: Maggie, wielding a +2 morningstar of draining, wearing +0 swamp dragon scales and carrying a wand of charming (9) (moderately wounded, mesmerising, 77% to hit)
The sting hits Maggie.
Maggie partially resists.
Maggie is poisoned.
Maggie hits you with a +2 morningstar of draining!
* * * LOW HITPOINT WARNING * * *
You feel drained.
* * * LOW HITPOINT WARNING * * *
Casting: Sting (safe; 2% risk of failure)
Confirm with . or Enter, or press ? or * to list all spells.
Aiming: Sting (safe; 2% risk of failure)
Press: ? - help, Shift-Dir - straight line, f/p - Maggie
Aim: Maggie, wielding a +2 morningstar of draining, wearing +0 swamp dragon scales and carrying a wand of charming (9) (moderately wounded, mesmerising, poisoned, 77% to hit)
The sting hits Maggie.
Maggie partially resists.
Your toxic aura wanes.
Maggie zaps a wand.
Your will is overpowered!
You are confused.
You are too confused!
Unknown command.
You feel better.
You break out of your daze.
Maggie points at you and mumbles some strange words.
The bolt of fire hits you!!
* * * LOW HITPOINT WARNING * * *
Unknown command.
Magic courses through your body.
Maggie zaps a wand.
Your will is overpowered!
You are confused.
You feel better.
Maggie points at you and mumbles some strange words.
The bolt of fire hits you!
* * * LOW HITPOINT WARNING * * *
Really quaff
m - 3 potions of lignification {!q}?
Really quaff the potion of lignification?
You turn into a tree.
Your +2 hat melds into your body.
Your roots penetrate the ground.
Maggie hits you but does no damage.
You feel drained.
Casting: Sting (safe; 2% risk of failure)
Confirm with . or Enter, or press ? or * to list all spells.
Aiming: Sting (safe; 2% risk of failure)
Press: ? - help, Shift-Dir - straight line, f/p - Maggie
Aim: Maggie, wielding a +2 morningstar of draining, wearing +0 swamp dragon scales and carrying a wand of charming (7) (heavily wounded, poisoned, 77% to hit)
The sting hits Maggie but does no damage.
Maggie looks even sicker.
Maggie hits you but does no damage.
You feel drained.
Casting: Sting (safe; 2% risk of failure)
Confirm with . or Enter, or press ? or * to list all spells.
Aiming: Sting (safe; 2% risk of failure)
Press: ? - help, Shift-Dir - straight line, f/p - Maggie
Aim: Maggie, wielding a +2 morningstar of draining, wearing +0 swamp dragon scales and carrying a wand of charming (7) (heavily wounded, very poisoned, 77% to hit)
The sting misses Maggie.
Maggie hits you but does no damage.
You feel drained.
Casting: Sting (safe; 2% risk of failure)
Confirm with . or Enter, or press ? or * to list all spells.
Aiming: Sting (safe; 2% risk of failure)
Press: ? - help, Shift-Dir - straight line, f/p - Maggie
Aim: Maggie, wielding a +2 morningstar of draining, wearing +0 swamp dragon scales and carrying a wand of charming (7) (heavily wounded, very poisoned, 77% to hit)
The sting hits Maggie but does no damage.
Maggie looks even sicker.
Maggie says, "Leave now, and tell all of Margery's mercy!"
Maggie zaps a wand.
Your will is overpowered!
You are confused.
Unknown command.
You're too confused to cast spells.
Unknown command.
Unknown command.
Maggie gestures wildly while chanting.
Maggie attempts to bespell you!
You are mesmerised by Maggie!
Unknown command.
Unknown command.
Maggie hits you but does no damage.
You feel drained.
Unknown command.
Maggie hits you but does no damage.
You feel drained.
Unknown command.
Maggie hits you but does no damage.
You feel drained. Maggie casts a spell at you. The bolt of fire hits you!!
You die...

Skill      XL: |  1  2  3  4  5  6  7 |
---------------+----------------------+-----
Fighting       | 1 2 3 4 |  4.8
Poison Magic   | 4 5 6 7 |  7.3
Spellcasting   | 3 4 |  4.6
Dodging        | |  1.7
Stealth        | |  1.7
Transmutations | |  1.0

Action                     |  1- 3 |  4- 6 |  7- 9 || total
---------------------------+-------+-------+-------++-------
  Melee: Dagger            |    38 |    53 |    45 ||   136
         Tailslap          |     5 |     9 |    10 ||    24
         Punch             |       |     1 |     1 ||     2
   Cast: Sting             |    43 |    85 |    34 ||   162
         Poisonous Vapours |       |    13 |       ||    13
         Olgreb's Toxic Ra |       |       |     8 ||     8
    Use: Scroll            |       |     7 |     3 ||    10
         Potion            |       |       |     4 ||     4
   Stab: Sleeping          |       |     2 |       ||     2
 Armour: Skin              |    21 |    27 |    37 ||    85
  Dodge: Dodged            |    50 |    57 |    33 ||   140

Levels and vault maps discovered:
D:1:      giann_forest_graveyard, layout_basic, kennysheep_nondescript,
          chequers_serial_rivers_large_a
D:2:      layout_rooms, ebering_ecumenical_altar_mist, uniq_crazy_yiuf_cottage
D:3:      layout_basic, nicolae_elevator_lobby_plus, uniq_terence
D:4:      layout_basic, hellmonk_no_cap, uniq_edmund
D:5:      layout_basic, kiku_gazebo_pond_becter,
          minmay_temple_entry_proselytizer, gammafunk_ghost_stat_death,
          grunt_decor_resistance, uniq_prince_ribbit1
D:6:      layout_basic, serial_shops, nicolae_square_shop, shop,
          nicolae_shop_real_fake_doors, nicolae_shop_crystal, shop, uniq_pikel,
          uniq_maggie, uniq_blork_the_orc
Temple:   regret_index_temple_chain_breaker

Notes
Turn   | Place    | Note
-------+----------+-------------------------------------------
     0 | D:1      | Sobieck the Draconian Venom Mage began the quest for the
                  | Orb.
     0 | D:1      | Reached XP level 1. HP: 14/14 MP: 3/3
   204 | D:1      | You pick up a book of Vapours and begin reading...
   206 | D:1      | You pick up a book of Air and begin reading...
   206 | D:1      | You add the spells Shock, Swiftness and Airstrike to your
                  | library.
   273 | D:1      | Reached XP level 2. HP: 22/22 MP: 3/5
   493 | D:1      | Reached skill level 1 in Fighting
   699 | D:1      | You add the spells Vhi's Electric Charge and Chain
                  | Lightning to your library.
   699 | D:1      | Got Beot's Papyrus of the Sky
   733 | D:1      | Reached XP level 3. HP: 28/28 MP: 4/6
  1124 | D:2      | Found a faded altar of an unknown god.
  1177 | D:2      | Reached skill level 4 in Poison Magic
  1177 | D:2      | Reached XP level 4. HP: 33/36 MP: 4/7
  1422 | D:1      | Learned a level 2 spell: Poisonous Vapours
  1741 | D:2      | Reached skill level 2 in Fighting
  2259 | D:2      | Found a runed translucent door.
  2260 | D:2      | Noticed Crazy Yiuf
  2377 | D:2      | Identified the +2 spear "Jusurgh" {venom, rF+++ Will- rCorr
                  | Dex-4}
  2800 | D:3      | Reached XP level 5. HP: 41/41 MP: 7/9
  2838 | D:3      | Noticed Terence
  2852 | D:3      | Killed Terence
  2853 | D:3      | Reached skill level 3 in Spellcasting
  3784 | D:3      | Reached skill level 5 in Poison Magic
  4195 | D:4      | Noticed Edmund
  4231 | D:4      | Reached XP level 6. HP: 43/50 MP: 5/11
  4653 | D:4      | Reached skill level 3 in Fighting
  4958 | D:4      | Killed Edmund
  5017 | D:5      | Entered Level 5 of the Dungeon
  5017 | D:5      | Noticed Prince Ribbit
  5037 | D:5      | Killed Prince Ribbit
  5038 | D:5      | Reached skill level 4 in Spellcasting
  5038 | D:5      | Reached skill level 6 in Poison Magic
  5038 | D:5      | Your scales start taking on a dull iron-grey colour.
  5038 | D:5      | Reached XP level 7. HP: 29/58 MP: 7/13
  5090 | D:4      | Learned a level 4 spell: Olgreb's Toxic Radiance
  5168 | D:5      | Found a staircase to the Ecumenical Temple.
  5181 | D:5      | Reached skill level 4 in Fighting
  5187 | Temple   | Entered the Ecumenical Temple
  5269 | Temple   | Became a worshipper of Vehumet
  5446 | D:5      | Found an ancient bone altar of Kikubaaqudgha.
  5596 | D:5      | Found a transporter.
  5607 | D:5      | Noticed BigDaddyOpFi's ghost (amateur AtFi)
  5623 | D:5      | Found a transporter.
  5661 | D:5      | Reached skill level 7 in Poison Magic
  5792 | D:5      | Reached XP level 8. HP: 19/67 MP: 5/14
  6295 | D:6      | Noticed Maggie
  6311 | D:6      | HP: 8/59 [Maggie/bolt of fire (19)]
  6313 | D:6      | HP: 3/59 [Maggie/bolt of fire (16)]
  6322 | D:6      | Killed from afar by Maggie

Vanquished Creatures
  Prince Ribbit (D:5)
  Edmund (D:4)
  An acid dragon (D:5)
  An ice beast (D:5)
  A scorpion (D:5)
  2 hounds
  An orc priest (D:5)
  Terence (D:3)
  3 sleepcaps
  3 orc wizards (D:5)
  7 gnolls
  3 adders
  A worm (D:2)
  5 dart slugs
  3 orcs
  10 endoplasms
  7 giant cockroaches
  3 hobgoblins
  16 jackals
  4 quokkas
  5 ball pythons
  3 bats
  5 frilled lizards
  5 goblins
  4 kobolds
  3 rats
99 creatures vanquished.

Table legend:
 A = Non-vault XP
 B = Vault XP
 C = Vault XP percentage of total XP
 D = Non-vault monster count
 E = Vault monster count
 F = Vault count percentage of total count
                 A         B        C        D         E       F
            +---------+---------+-------+---------+---------+-------
      Total |     900 |     601 |  40.0 |      93 |       6 |   6.1
            +---------+---------+-------+---------+---------+-------
        D:1 |      81 |       0 |   0.0 |      34 |       0 |   0.0
        D:2 |     107 |       0 |   0.0 |      19 |       0 |   0.0
        D:3 |      18 |     115 |  86.5 |      11 |       3 |  21.4
        D:4 |      81 |     171 |  67.9 |      15 |       1 |   6.2
        D:5 |     600 |     315 |  34.4 |      13 |       2 |  13.3
        D:6 |      13 |       0 |   0.0 |       1 |       0 |   0.0
            +---------+---------+-------+---------+---------+-------

Illustrated notes

Table legend:
 A = Kills in this place as a percentage of kills in the entire game.
 B = Kills by you in this place as a percentage of kills by you in the entire game.
 C = Kills by friends in this place as a percentage of kills by friends in the entire game.
 D = Other kills in this place as a percentage of other kills in the entire game.
 E = Experience gained in this place as a percentage of experience gained in the entire game.
 F = Experience gained in this place divided by the number of levels of this place that you have seen.
                   A       B       C       D       E      F
               +-------+-------+-------+-------+-------+----------------------
         Total | 100.0 | 100.0 |   N/A |   N/A | 100.0 | 214.4
       Dungeon | 100.0 | 100.0 |   N/A |   N/A | 100.0 | 250.2
               +-------+-------+-------+-------+-------+----------------------

Table legend: (Time is in decaauts)
 A = Elapsed time spent in this place.
 B = Non-inter-level travel time spent in this place.
 C = Inter-level travel time spent in this place.
 D = Time resting spent in this place.
 E = Time spent auto-exploring this place.
 F = Levels seen in this place.
 G = Mean time per level.
                   A        B        C        D        E       F      G
               +--------+--------+--------+--------+--------+-----+--------+
         Total |   6342 |   5918 |    424 |   1019 |   3762 |   7 |  906.0 |
       Dungeon |   6247 |   5835 |    412 |   1019 |   3698 |   6 | 1041.2 |
        Temple |     94 |     82 |     12 |      0 |     64 |   1 |   94.0 |
               +--------+--------+--------+--------+--------+-----+--------+

Top non-repeatable levels by time:
     D:1: 1554 daAuts
     D:3: 1389 daAuts
     D:4: 1146 daAuts
     D:5: 1083 daAuts
     D:2: 999 daAuts
  Temple: 94 daAuts
     D:6: 73 daAuts
